 Dungeon Sprint DCSS version 0.28-a0-101-g18048e5a82 (webtiles) character file.

Game seed: 6345538000034090439

59 MikeHunt the Digger (level 4, 0/36 HPs)
             Began as a Naga Earth Elementalist on Aug 10, 2021.
             Slain by a water elemental (13 damage)
             ... in the Dungeon (Sprint III: "The Ten Rune Challenge").
             The game lasted 00:02:26 (218 turns).

MikeHunt the Digger (Naga Earth Elementalist)        Turns: 218, Time: 00:02:26

Health: 0/36       AC:  2    Str: 10    XL:     4   Next: 3%
Magic:  5/11       EV:  9    Int: 17    God:
Gold:   36         SH:  0    Dex: 11    Spells: 5/13 levels left

rFire   . . .      SeeInvis +   (no weapon)
rCold   . . .      Faith    .   (no shield)
rNeg    . . .      Spirit   .   b - +0 robe
rPois   +          Reflect  .   (no helmet)
rElec   .          Harm     .   (no cloak)
rCorr   .          Rampage  .   (no gloves)
Will    .....      NoTele   +   (no barding)
Stlth   ++........              (no amulet)
HPRegen 0.12/turn               (no ring)
MPRegen 0.12/turn               (no ring)

@: very slow
A: AC +1, large, see invisible, deformed body, poison resistance, slowness 2,
spit poison 1, naga tail 1
a: Spit Poison


You were in the Dungeon.
You visited 1 branch You collected 36 gold pieces.

Inventory:

Missiles
 i - 37 stones
Armour
 b - a +0 robe (worn)
Scrolls
 h - a scroll of blinking
 k - a scroll of torment {unknown}
 l - 2 scrolls of identify {unknown}
 n - a scroll of holy word {unknown}
Potions
 a - 2 potions of degeneration {unknown}
 c - a potion of curing
 d - a potion of heal wounds
 e - a potion of haste
 f - 2 potions of magic
 g - a potion of berserk rage
 j - 3 potions of mutation {unknown}
 m - 2 potions of invisibility {unknown}
 o - 2 potions of flight


   Skills:
 - Level 1.5 Dodging
 + Level 3.0 Stealth
 + Level 5.2 Spellcasting
 + Level 0.0 Conjurations
 + Level 1.0 Transmutations
 + Level 6.0 Earth Magic


You had 5 spell levels left.
You knew the following spells:

 Your Spells              Type           Power      Damage    Failure   Level
b - Petrify               Tmut/Erth      16%        N/A       32%         4
e - Sandblast             Erth           50%        2d12      1%          1
r - Stone Arrow           Conj/Erth      28%        3d8       12%         3

Your spell library contained the following spells:

 Spells                   Type           Power      Damage    Failure   Level
 Passwall                 Tmut/Erth      13%        N/A       4%          2


Dungeon Overview and Level Annotations

Branches:
Dungeon (1/1)

Altars:


Innate Abilities, Weirdness & Mutations

Your serpentine skin is tough. (AC +1)
You have supernaturally acute eyesight. (SInv)
Armour fits poorly on your strangely shaped body.
Your system is resistant to poisons. (rPois)
You cover ground very slowly.
You can spit poison.
You have a snake-like lower body.


Message History

Adjust to which letter? e - Sandblast
Casting: Stone Arrow (quite dangerous; 12% risk of failure)
Confirm with . or Enter, or press ? or * to list all spells.
Aiming: Sandblast (safe; 1% risk of failure)
Press: ? - help, Shift-Dir - straight line, f - water elemental
Aim: a water elemental (dormant, 100% to hit)
The blast of sand hits the water elemental but does no damage.
Casting: Sandblast (safe; 1% risk of failure)
Confirm with . or Enter, or press ? or * to list all spells.
The spell is quite dangerous to cast (12% risk of failure)!
Continue anyway? [Y]es or [N]o only, please.
The spell is quite dangerous to cast (12% risk of failure)!
Continue anyway?
Aiming: Stone Arrow (quite dangerous; 12% risk of failure)
Press: ? - help, Shift-Dir - straight line, f/p - water elemental
Aim: a water elemental (81% to hit)
The stone arrow hits the water elemental!!
The water elemental is severely damaged.
Casting: Stone Arrow (quite dangerous; 12% risk of failure)
Confirm with . or Enter, or press ? or * to list all spells.
Aiming: Sandblast (safe; 1% risk of failure)
Press: ? - help, Shift-Dir - straight line, f/p - water elemental
Aim: a water elemental (severely damaged, 88% to hit)
The blast of sand hits the water elemental.
The water elemental is severely damaged.
The water elemental hits you!!
Ouch! That really hurt!
The water elemental engulfs you in water!
You slip free of the water engulfing you.
You gasp with relief as air once again reaches your lungs.
The water elemental hits you.
Casting: Sandblast (safe; 1% risk of failure)
Confirm with . or Enter, or press ? or * to list all spells.
Aiming: Sandblast (safe; 1% risk of failure)
Press: ? - help, Shift-Dir - straight line, f/p - water elemental
Aim: a water elemental (severely damaged, 88% to hit)
The blast of sand hits the water elemental.
The water elemental is almost destroyed.
The water elemental hits you!
You die...

▓▓▓▓▓▓▓▓▓▓▓ ▓▓▓
▓<.#..'...♣♣♣♣ ♣.#
▓..#..#......♣ ♣♣.#
▓#'####..†..♣♣ ♣..#
▓.....#....≈♣♣♣♣@.###+#+#
▓.....#...≈≈♣...♣E#......
▓.....#..≈≈≈≈♣.♣♣.'.⌠....
▓####'#..≈≈≈≈≈≈...#...###
▓.....#.≈≈≈≈≈≈....#.⌠.#
▓.)...#.≈≈≈≈≈.....# ..#
▓.....#.≈≈≈.......# ###
▓'#####...........#
▓.................#


You could see a water elemental.

Vanquished Creatures
  Jessica (D)
  A human (D)
  A wolf (D)
  2 rats (D)
5 creatures vanquished.

Notes
Turn   | Place    | Note
-------+----------+-------------------------------------------
     0 | D        | MikeHunt the Naga Earth Elementalist began the quest for
                  | the Orb.
     0 | D        | Reached XP level 1. HP: 15/15 MP: 3/3
    14 | D        | Noticed Jessica
    15 | D        | Killed Jessica
    16 | D        | Reached skill level 5 in Earth Magic
    16 | D        | Reached XP level 2. HP: 22/22 MP: 4/7
    16 | D        | Reached XP level 3. HP: 28/28 MP: 4/8
    96 | D        | Reached skill level 5 in Spellcasting
    96 | D        | Reached skill level 6 in Earth Magic
    96 | D        | Reached XP level 4. HP: 22/36 MP: 2/11
   200 | D        | Learned a level 3 spell: Stone Arrow
   205 | D        | Learned a level 4 spell: Petrify
   212 | D        | Noticed a water elemental
   218 | D        | Slain by a water elemental

Illustrated notes

Levels and vault maps discovered:
D:        dungeon_sprint_mu [sprint_mu_entry_forest, sprint_mu_temple_rooms,
          sprint_mu_d1_horrors, sprint_mu_d2_genie, sprint_mu_d3_branching,
          sprint_mu_orc_legion, sprint_mu_elf_gauntlet, sprint_mu_hive_nellie,
          sprint_mu_lair_fedhas, sprint_mu_vaults_butterflies,
          sprint_mu_slime_circle, sprint_mu_shoals_kraken,
          sprint_mu_snake_twists, sprint_mu_blade_basic, sprint_mu_crypt_lich,
          sprint_mu_tomb_spiral, sprint_mu_vestibule_basic,
          sprint_mu_gehenna_hellfire, sprint_mu_dis_giant,
          sprint_mu_tartarus_statrot, sprint_mu_cocytus_islands, sprint_mu_zot1]

Skill      XL: |  1  2  3 |
---------------+----------+-----
Spellcasting   | 4 5 |  5.2
Earth Magic    | 5 6 |  6.0
Dodging        | |  1.5
Stealth        | |  3.0
Transmutations | |  1.0

Action                   |  1- 3 |  4- 6 || total
-------------------------+-------+-------++-------
 Cast: Sandblast         |     8 |     3 ||    11
       Stone Arrow       |       |     1 ||     1
 Abil: Spit Poison       |     6 |       ||     6
Dodge: Dodged            |     1 |       ||     1

Table legend: (Time is in decaauts)
 A = Elapsed time spent in this place.
 B = Non-inter-level travel time spent in this place.
 C = Inter-level travel time spent in this place.
 D = Time resting spent in this place.
 E = Time spent auto-exploring this place.
 F = Levels seen in this place.
 G = Mean time per level.
                   A        B        C        D        E       F      G
               +--------+--------+--------+--------+--------+-----+--------+
         Total |    247 |    247 |      0 |    105 |      0 |   1 |  247.0 |
       Dungeon |    247 |    247 |      0 |    105 |      0 |   1 |  247.0 |
               +--------+--------+--------+--------+--------+-----+--------+

Top non-repeatable levels by time:
       D: 247 daAuts
